 Dungeon Crawl Stone Soup version 0.17-a0-1596-g1e86911 (webtiles) character file.

4769 Kold the Cleaver (level 10, -11/70 HPs)
             Began as a Demonspawn Gladiator on July 31, 2015.
             Was an Elder of Kikubaaqudgha.
             Mangled by a merfolk
             ... wielding a +0 spear
              (19 damage)
             ... on level 9 of the Dungeon.
             The game lasted 00:31:33 (7834 turns).

Kold the Cleaver (Demonspawn Gladiator)             Turns: 7834, Time: 00:31:33

Health: -11/70     AC:  8    Str: 21    XL:     10   Next: 23%
Magic:  10/10      EV: 18    Int: 16    God:    Kikubaaqudgha [****..]
Gold:   1256       SH:  7    Dex: 19    Spells: 2 memorised, 4 levels left

rFire  . . .     SeeInvis .     a - +0 war axe
rCold  . . .     Clarity  .     b - +0 leather armour
rNeg   . . .     SustAt   .     h - +1 buckler
rPois  .         Gourm    .     c - +0 helmet
rElec  .         Spirit   .     n - +0 cloak
rCorr  .         Warding  .     i - +0 pair of gloves
rMut   .         Stasis   .     (no boots)
MR     .....                    o - amulet of regeneration
Stlth  +++.......               (no ring)
                                L - +4 ring of intelligence

@: mighty, agile, not resistant to hostile enchantments, fairly stealthy
A: large bone plates 1, nightstalker 1, powered by pain 3
a: Receive Corpses, Renounce Religion


You were on level 9 of the Dungeon.
You worshipped Kikubaaqudgha.
Kikubaaqudgha was greatly pleased with you.
You were not hungry.

You visited 2 branches of the dungeon, and saw 10 of its levels.
You also visited: Bailey.

You collected 1256 gold pieces.

Inventory:

Hand weapons
 a - a +0 war axe (weapon)
Missiles
 d - a throwing net
 J - 38 tomahawks of returning (quivered)
Armour
 b - a +0 leather armour (worn)
 c - a +0 helmet (worn)
 h - a +1 buckler (worn)
 i - a +0 pair of gloves (worn)
 n - a +0 cloak (worn)
Magical staves
 A - an uncursed staff of wizardry
Jewellery
 o - an amulet of regeneration (around neck)
 q - an uncursed ring of poison resistance
 w - an uncursed ring of ice
 L - a +4 ring of intelligence (left hand)
Magical devices
 t - a wand of slowing (23)
 x - a wand of cold (6)
 E - a wand of polymorph (19)
 F - a wand of paralysis (14)
 G - a wand of magic darts (21)
 H - a wand of cold (10)
 M - a wand of disintegration (9)
Scrolls
 f - a scroll of silence
 g - 4 scrolls of remove curse
 j - 3 scrolls of identify
 k - 3 scrolls of teleportation
 l - 2 scrolls of recharging
 m - 2 scrolls of enchant armour
 u - 2 scrolls of noise
Potions
 s - 3 potions of magic
 C - 5 potions of agility
 I - 2 potions of flight
 K - 2 potions of haste
Books
 r - Kikubaaqudgha's Almanac of Necromancy
   (Kikubaaqudgha gifted it to you on level 3 of the Dungeon)

   Spells                             Type                      Level
   a - Animate Skeleton               Necromancy                   1
   b - Corpse Rot                     Necromancy                   2
   c - Sublimation of Blood           Necromancy                   2
   d - Regeneration                   Charms/Necromancy            3
   e - Control Undead                 Necromancy                   4
 y - Kikubaaqudgha's Guide on Dark Arts
   (Kikubaaqudgha gifted it to you on level 5 of the Dungeon)

   Spells                             Type                      Level
   a - Animate Dead                   Necromancy                   4
   b - Excruciating Wounds            Charms/Necromancy            5
   c - Agony                          Necromancy                   5
   d - Dispel Undead                  Necromancy                   5
   e - Simulacrum                     Ice/Necromancy               6
Comestibles
 e - 2 bread rations
 p - 3 meat rations
 v - a slice of pizza
 D - 2 fruits


   Skills:
 - Level 3.0 Fighting
 + Level 11.2 Axes
 - Level 2.0 Throwing
 - Level 3.6 Dodging
 - Level 9.1 Necromancy


You had 4 spell levels left.
You knew the following spells:

 Your Spells              Type           Power        Failure   Level  Hunger
a - Animate Skeleton      Necr           N/A          1%          1    ##.....
b - Animate Dead          Necr           N/A          14%         4    #####..


Dungeon Overview and Level Annotations

Branches:
Dungeon (9/15)             Temple (1/1) D:6
   Lair: D:8-11         Orc: D:9-12

Altars:
Cheibriados
Elyvilon
Gozag
Kikubaaqudgha
Trog
Xom

Shops:
D:7 :

Annotations:
D:8 Joseph; Kold's ghost, experienced DsGl; Pikel


Innate Abilities, Weirdness & Mutations

You are partially covered in large bone plates (AC +2, SH +2).
You are slightly more attuned to the shadows.
You are powered by pain.


Message History

You focus on the pain.
You feel very mighty all of a sudden.
You see here 2 meat rations.
You barely miss the merfolk.
The merfolk is severely wounded.
You feel less invigorated.
You feel less confused. You block the merfolk's attack.
You closely miss the merfolk.
The merfolk is severely wounded.
The merfolk closely misses you.
You barely miss the merfolk.
The merfolk is severely wounded.
The merfolk hits you with a spear.
* * * LOW HITPOINT WARNING * * *
You barely miss the merfolk.
The merfolk is severely wounded.
The merfolk hits you with a spear!!
You die...
Kikubaaqudgha rasps: "You have failed me!
Welcome... death!"

.....# .....###
....... ....#
######...# .
#≈≈≈≈#...# .#
#m(..'...# .#
#@%#†#...# .#
########.#.#
########..#
#........#.....
#.####.#.......
#. ###.###.....
#.##.....##....
#.#.8...8.#.###
#.#.......#.+


You could see a merfolk.

Vanquished Creatures
  An orc knight (Bailey)
  A hungry ghost (D:7)
  Menkaure (D:5)
  A sky beast (D:5)
  A slave (D:7)
  3 black bears
  4 ice beasts
  5 ogres
  5 orc warriors (Bailey)
  3 phantoms
  3 centaurs (D:5)
  2 big kobolds
  5 giant frogs
  2 scorpions
  A wight (D:9)
  2 crimson imps
  An iguana (D:9)
  A giant frog skeleton (D:5)
  2 orc priests
  2 hounds (D:4)
  A jelly (D:5)
  Jessica (D:2)
  An orc wizard (D:4)
  7 worker ants
  A hound zombie (D:9)
  A hound skeleton (D:5)
  2 worker ant zombies
  13 adders
  2 shadow imps (D:5)
  3 oozes
  2 adder skeletons
  A worm (D:2)
  7 giant geckos
  23 orcs
  3 ball pythons
  8 bats
  6 giant cockroaches
  10 goblins
  8 hobgoblins
  7 jackals
  3 quokkas
  5 giant newts
  33 kobolds
  2 quokka skeletons (D:5)
  13 rats
209 creatures vanquished.

Vanquished Creatures (collateral kills)
  A hill giant (D:8)
  A phantom (D:8)
  An ice beast (D:7)
  An orc warrior (Bailey)
  An ogre (D:7)
  A white imp (D:5)
  A giant gecko (D:4)
  2 orcs (Bailey)
  A jackal (D:5)
  A kobold (Bailey)
11 creatures vanquished.

Grand Total: 220 creatures vanquished

Notes
Turn   | Place    | Note
--------------------------------------------------------------
     0 | D:1      | Kold the Demonspawn Gladiator began the quest for the Orb.
     0 | D:1      | Reached XP level 1. HP: 16/16 MP: 1/1
   143 | D:1      | Gained mutation: You are partially covered in large bone plates (AC +2, SH +2). [demonic ancestry]
   143 | D:1      | Reached XP level 2. HP: 20/22 MP: 2/2
   178 | D:1      | Reached skill level 3 in Axes
   521 | D:2      | Noticed Jessica
   535 | D:2      | Killed Jessica
   535 | D:2      | Reached XP level 3. HP: 15/28 MP: 3/3
   881 | D:2      | Gained mutation: You sometimes gain a little power by taking damage. [demonic ancestry]
   881 | D:2      | Reached XP level 4. HP: 32/34 MP: 4/4
  1332 | D:3      | Found a faded altar to an unknown god.
  1392 | D:3      | Became a worshipper of Kikubaaqudgha
  1392 | D:3      | Acquired Kikubaaqudgha's first power
  1392 | D:3      | Received a gift from Kikubaaqudgha
  1393 | D:3      | Identified Kikubaaqudgha's Almanac of Necromancy (Kikubaaqudgha gifted it to you on level 3 of the Dungeon)
  1396 | D:3      | Learned a level 1 spell: Animate Skeleton
  1940 | D:3      | Reached skill level 4 in Axes
  1940 | D:3      | Gained mutation: You are slightly more attuned to the shadows. [demonic ancestry]
  1940 | D:3      | Reached XP level 5. HP: 41/41 MP: 5/5
  1989 | D:3      | Acquired Kikubaaqudgha's second power
  2199 | D:4      | Reached skill level 5 in Axes
  2449 | D:4      | Found a shimmering altar of Xom.
  2452 | D:4      | Found a snail-covered altar of Cheibriados.
  2500 | D:4      | Reached XP level 6. HP: 47/47 MP: 6/6
  2535 | D:4      | Noticed an ogre
  2546 | D:4      | Killed an ogre
  3007 | D:5      | Entered Level 5 of the Dungeon
  3124 | D:5      | Noticed Menkaure
  3132 | D:5      | Killed Menkaure
  3132 | D:5      | Reached skill level 5 in Necromancy
  3132 | D:5      | Gained mutation: You sometimes gain power by taking damage. [demonic ancestry]
  3132 | D:5      | Reached XP level 7. HP: 17/52 MP: 7/7
  3366 | D:5      | Reached skill level 6 in Necromancy
  3378 | D:5      | Reached skill level 7 in Necromancy
  3387 | D:5      | Received a gift from Kikubaaqudgha
  3399 | D:5      | Identified Kikubaaqudgha's Guide on Dark Arts (Kikubaaqudgha gifted it to you on level 5 of the Dungeon)
  3405 | D:5      | Learned a level 4 spell: Animate Dead
  3459 | D:5      | Reached XP level 8. HP: 12/58 MP: 8/8
  3687 | D:5      | Reached skill level 8 in Necromancy
  3761 | D:5      | Gained mutation: You are somewhat resistant to further mutation. [mutagenic meat]
  4185 | D:6      | Reached skill level 9 in Necromancy
  4522 | D:6      | Found a staircase to the Ecumenical Temple.
  4533 | Temple   | Entered the Ecumenical Temple
  4882 | D:7      | Found a white marble altar of Elyvilon.
  4906 | D:7      | Reached XP level 9. HP: 29/63 MP: 9/9
  4919 | D:7      | Found Meitog's Book Emporium.
  5510 | D:8      | Noticed Pikel
  5637 | D:8      | Noticed Joseph
  5646 | D:8      | HP: 1/63 [Pikel/whip of electrocution (10)]
  5650 | D:8      | Lost mutation: You are somewhat resistant to further mutation. [potion of cure mutation]
  5920 | D:8      | Acquired Kikubaaqudgha's third power
  5951 | D:8      | Noticed Kold's ghost (experienced DsGl)
  5976 | D:8      | Noticed a hill giant
  5982 | D:8      | Found a bloodstained altar of Trog.
  6061 | D:8      | Killed a hill giant
  6431 | D:8      | Reached skill level 10 in Axes
  6972 | D:9      | Found a flagged portal.
  6988 | Bailey   | Entered a bailey
  7002 | Bailey   | Noticed an orc knight
  7166 | Bailey   | Gained mutation: You are powered by pain. [demonic ancestry]
  7166 | Bailey   | Reached XP level 10. HP: 70/70 MP: 10/10
  7409 | Bailey   | Killed an orc knight
  7409 | Bailey   | Reached skill level 11 in Axes
  7788 | D:9      | Found an opulent altar of Gozag.
  7830 | D:9      | HP: 3/70 [merfolk/spear (10)]
  7834 | D:9      | Mangled by a merfolk

Vault maps used:
D:1:      lightli_arrival_isolated_outpost
D:2:      first_bread, uniq_jessica
D:3:      ecumenical_altar_1, serial_bayou_lake_a
D:4:      gammafunk_temple_overflow_pools
D:5:      minmay_fire_ice_demons, uniq_menkaure
D:6:      minmay_temple_entry_overgrown
D:7:      lemuel_doored_altar, serial_shops, nicolae_shop_waterfront
D:8:      trog_ov_bears_minmay, uniq_pikel, uniq_prince_ribbit1, uniq_joseph
D:9:      wad_pebble_path, grunt_gozag_statues, enter_bailey_3,
          hangedman_fish_farm
Temple:   minmay_temple_curvy_14
Bailey:   bailey_axe_4, bailey

Action                   |  1- 3 |  4- 6 |  7- 9 | 10-12 || total
-------------------------+-------+-------+-------+-------++-------
Melee: War axe           |    92 |   247 |   564 |    80 ||   983
Throw: Throwing net      |     1 |     1 |     1 |       ||     3
       Tomahawk          |       |       |    54 |     9 ||    63
 Cast: Animate Skeleton  |       |     3 |    12 |     4 ||    19
       Animate Dead      |       |       |     7 |     4 ||    11
Invok: Receive Corpses   |       |       |       |     1 ||     1
Evoke: Wand              |       |       |     3 |     3 ||     6
  Use: Potion            |       |       |    11 |     3 ||    14
       Scroll            |       |       |    13 |     2 ||    15
 Stab: Held in net/web   |     2 |       |       |       ||     2
       Sleeping          |     1 |     1 |     7 |     1 ||    10
       Distracted        |       |     1 |     2 |       ||     3
       Paralysed         |       |       |     2 |    11 ||    13
  Eat: Chunk             |       |     9 |    16 |     5 ||    30
       Bread ration      |       |       |     3 |       ||     3
       Fruit             |       |       |     2 |       ||     2
